Map: Tours du crépuscule

Players

Worming

  • Race: Zerg Zerg
  • League: Platinum

ORAF - Winner!

  • Race: Terran Terran
  • League: Gold

VOD

Have the link to the VOD?

Description

Time

  • Played on: Nov. 11, 2015, 3:37 p.m.
  • Length: 16:56
Show
View Real Time Build Order
Export as new Build Order

Worming Zerg 

Build Orders: Hatch First, Lurkers 

Get SALT Encoding   

  12  0:01  Drone  
  13  0:12  Overlord  
  13  0:17  Drone  
  14  0:31  Drone x2  
  14  0:35  Drone  
  17  0:45  Drone  
  18  0:55  Hatchery  
  17  0:58  Drone  
  18  1:10  Spawning Pool  
  17  1:14  Drone  
  17  1:18  Drone  
  19  1:38  Hatchery  
  18  1:40  Drone  
  19  1:49  Overlord  
  19  1:59  Queen  
  19  2:00  Zergling x2  
  22  2:10  Zergling x2  
  22  2:11  Drone  
  22  2:12  Drone  
  25  2:20  Drone  
  26  2:25  Drone  
  27  2:30  Queen  
  27  2:33  Drone x2  
  31  2:50  Overlord  
  31  2:53  Drone x3  
  31  2:54  Extractor  
  33  2:59  Overlord  
  33  3:02  Drone  
  34  3:08  Queen  
  34  3:10  Drone x5  
  41  3:26  Drone x5, Roach Warren  
  45  3:44  Drone x4  
  45  3:45  Drone  
  50  3:49  Overlord x3  
  48  4:00  Metabolic Boost  
  48  4:06  Extractor  
  48  4:08  Drone x2, Extractor  
  48  4:10  Drone  
  48  4:11  Drone  
  48  4:14  Drone  
  48  4:15  Drone  
  52  4:18  Drone x4  
  52  4:19  Drone x2, Overlord x2  
  52  4:21  Roach x2  
  52  4:22  Zergling x2  
  63  4:35  Overlord  
  63  4:38  Roach x2  
  63  4:44  Lair  
  67  4:52  Drone x4, Extractor x2  
  69  4:53  Drone  
  69  4:54  Drone x3  
  69  4:57  Extractor  
  72  5:04  Queen  
  74  5:11  Drone x2  
  74  5:12  Drone x2  
  74  5:13  Drone x2, Overlord x2  
  74  5:14  Overlord  
  80  5:19  Evolution Chamber  
  80  5:20  Evolution Chamber  
  78  5:27  Ravager  
  78  5:28  Ravager x3  
  80  6:01  Zerg Missile Weapons Level 1, Zerg Ground Armor Level 1  
  80  6:04  Glial Reconstitution  
  80  6:05  Spine Crawler  
  80  6:06  Drone  
  80  6:08  Hydralisk Den  
  79  6:13  Overlord x2  
  79  6:19  Drone x6  
  79  6:20  Drone x5  
  83  6:40  Spore Crawler  
  83  6:41  Drone  
  83  6:42  Drone x2  
  83  6:43  Drone x2  
  86  6:48  Roach x8  
  86  6:49  Lurker Den  
  102  7:04  Hydralisk x7  
  102  7:07  Hatchery, Spine Crawler  
  103  7:55  Drone x14  
  103  7:57  Spore Crawler  
  108  8:12  Drone x3  
  111  8:16  Overlord  
  111  8:17  Overlord  
  111  8:18  Overlord  
  109  8:25  Ravager  
  109  8:26  Ravager  
  109  8:40  Overlord x3  
  106  9:02  Roach x2  
  105  9:03  Roach x5, Hydralisk x4  
  105  9:04  Roach x2, Hydralisk x2  
  105  9:05  Roach x2  
  128  9:15  Hydralisk x5  
  136  9:20  Lurker x3  
  130  9:42  Spire  
  86  10:05  Roach  
  86  10:06  Roach x8  
  104  10:08  Overseer  
  104  10:09  Pneumatized Carapace  
  101  10:27  Hatchery  
  95  10:31  Ravager x3  
  98  10:36  Ravager x2  
  98  10:39  Hydralisk  
  98  10:40  Roach x2, Hydralisk x2  
  98  10:41  Roach x2  
  111  10:59  Drone x11  
  111  11:00  Drone  
  111  11:03  Extractor  
  115  11:13  Overseer x2  
  115  11:14  Overlord x3  
  115  11:15  Overlord, Hydralisk x2  
  116  11:22  Zerg Flyer Weapons Level 1, Mutalisk x3  
  124  11:31  Burrow  
  86  12:01  Mutalisk  
  86  12:02  Mutalisk x5  
  95  12:13  Ravager  
  95  12:14  Ravager x2  
  98  12:21  Drone x9, Hydralisk x2  
  98  12:22  Roach x4, Hydralisk x2  
  116  12:46  Hydralisk x5  
  116  12:47  Roach, Hydralisk  
  116  12:48  Roach x2  
  116  12:50  Queen  
  116  12:51  Queen  
  135  12:59  Extractor x2  
  135  13:00  Spine Crawler  
  135  13:02  Spine Crawler  
  135  13:03  Queen  
  135  13:04  Roach x6  
  145  13:06  Hatchery  
  145  13:09  Hatchery  
  143  13:18  Lurker x4, Hydralisk x3  
  143  13:19  Hydralisk x2  
  151  13:20  Roach x2  
  151  13:24  Infestation Pit  
  141  13:37  Mutalisk x4  
  141  13:39  Zergling x12  
  151  13:49  Drone x8  
  151  13:53  Extractor  
  158  13:57  Extractor  
  157  14:03  Hatchery  
  128  14:35  Hydralisk x4  
  128  14:36  Roach x2, Hydralisk x5  
  128  14:37  Roach x4, Hydralisk  
  128  14:38  Roach  
  133  14:41  Hydralisk x2  
  133  14:42  Roach x2  
  133  14:45  Hatchery  
  134  14:51  Lurker  
  134  14:52  Lurker x4  
  133  14:54  Ravager x2, Hydralisk  
  133  14:55  Roach x3, Hydralisk x2  
  133  14:56  Roach  
  94  15:27  Lurker  
  89  15:40  Roach  
  89  15:41  Roach x11  
  109  15:51  Drone x5  
  109  15:52  Hydralisk  
  109  15:53  Roach x2, Hydralisk x3  
  109  15:54  Roach x2  
  120  16:16  Ravager x5  
  120  16:17  Hydralisk  
  120  16:18  Roach x3, Hydralisk x4  
  121  16:19  Roach x2, Hydralisk  
Show
View Real Time Build Order
Export as new Build Order

ORAF Terran - Winner!

Build Orders: Liberator Opening, Mech 

Get SALT Encoding   

  12  0:01  SCV  
  13  0:13  SCV  
  14  0:17  Supply Depot  
  14  0:25  SCV  
  15  0:39  SCV  
  15  0:41  Barracks  
  16  0:51  SCV  
  17  1:05  Command Center  
  17  1:06  SCV  
  18  1:17  Barracks  
  18  1:19  SCV  
  19  1:31  Refinery  
  19  1:35  SCV  
  19  1:36  Supply Depot  
  20  1:47  SCV  
  21  2:00  SCV  
  22  2:06  Marine  
  23  2:12  Orbital Command  
  23  2:14  Refinery  
  23  2:18  Orbital Command  
  23  2:24  Refinery  
  23  2:25  Marine  
  24  2:37  Factory  
  24  2:39  SCV  
  24  2:43  Marine  
  26  2:49  SCV  
  26  2:52  SCV  
  27  3:01  SCV, Marine  
  27  3:04  SCV  
  30  3:13  SCV  
  30  3:18  SCV  
  32  3:23  Factory Reactor, Starport  
  32  3:25  Marine  
  32  3:26  SCV  
  34  3:30  SCV  
  34  3:32  Supply Depot  
  35  3:38  SCV  
  36  3:42  Marine, SCV  
  38  3:50  SCV  
  38  3:52  Liberator x2  
  38  3:54  SCV  
  40  3:59  Supply Depot  
  40  4:02  SCV  
  41  4:04  Engineering Bay  
  41  4:06  SCV  
  48  4:10  Refinery  
  48  4:14  SCV  
  49  4:17  Marine  
  49  4:18  Factory Tech Lab, SCV  
  51  4:26  SCV, Factory  
  51  4:30  Supply Depot, SCV  
  53  4:38  SCV  
  53  4:40  Liberator, Siege Tank  
  53  4:41  Liberator  
  53  4:43  SCV  
  58  4:47  Supply Depot  
  58  4:50  SCV  
  59  4:55  Command Center  
  65  5:01  SCV  
  65  5:02  SCV  
  67  5:09  Supply Depot  
  67  5:13  Factory Reactor  
  67  5:15  Armory  
  67  5:16  SCV  
  67  5:17  SCV  
  69  5:28  SCV  
  69  5:29  SCV  
  71  5:41  SCV x2  
  73  5:55  SCV  
  74  5:57  Viking x2  
  74  6:03  Siege Tank  
  85  6:04  Hellion x2, Infernal Pre-Igniter  
  85  6:06  Terran Vehicle Weapons Level 1  
  85  6:08  Orbital Command  
  85  6:10  Armory  
  85  6:11  Marine  
  85  6:12  Refinery  
  85  6:18  Refinery  
  85  6:33  Liberator x2  
  85  6:38  Orbital Command  
  85  6:40  SCV x2  
  85  6:42  Siege Tank  
  85  6:43  Hellion x2  
  100  7:12  SCV  
  101  7:16  Supply Depot  
  101  7:17  Terran Vehicle And Ship Armor Level 1  
  101  7:22  Factory  
  101  7:26  Supply Depot x2  
  101  7:27  Supply Depot x3  
  101  7:38  Hellion x2, Siege Tank, SCV  
  109  7:45  Supply Depot  
  109  7:47  Medivac x2, SCV x2  
  109  8:04  SCV  
  104  8:09  Hellion x2  
  104  8:10  Siege Tank  
  104  8:12  Factory Tech Lab  
  111  8:13  Factory  
  111  8:14  Terran Vehicle Weapons Level 2  
  111  8:19  SCV x2  
  113  8:24  Refinery  
  113  8:27  SCV  
  113  8:30  Siege Tank  
  113  8:31  Hellion x2  
  121  8:35  Command Center  
  121  8:42  Siege Tank  
  124  8:53  Hellion  
  100  9:31  Siege Tank x2  
  100  9:32  Hellbat x2, SCV  
  100  9:33  Medivac x2  
  100  9:35  Terran Vehicle And Ship Armor Level 2  
  115  9:38  SCV  
  115  9:39  SCV  
  117  9:48  Liberator x2  
  101  10:06  SCV x2  
  107  10:12  SCV  
  108  10:17  Refinery, Siege Tank x2  
  108  10:18  Refinery, SCV  
  108  10:20  Factory Tech Lab  
  115  10:24  Building Armor  
  115  10:26  Factory  
  112  10:38  Hellion x2  
  116  10:43  SCV, Terran Vehicle Weapons Level 3  
  116  10:44  SCV  
  116  10:49  Siege Tank  
  122  10:50  Siege Tank  
  122  10:59  Hellion  
  119  11:16  Siege Tank  
  119  11:18  Factory Tech Lab  
  122  11:20  Viking x2  
  122  11:21  Siege Tank  
  129  11:28  SCV x2  
  129  11:31  Hellion, Siege Tank  
  129  11:32  Hellion  
  138  11:37  SCV  
  138  11:39  Hellion  
  133  11:48  Siege Tank  
  133  11:53  Hellion x2  
  133  11:54  Siege Tank  
  137  12:00  Hellion  
  136  12:09  Thor  
  140  12:20  Thor  
  140  12:21  Thor  
  152  12:25  Thor, SCV x2  
  157  12:33  SCV  
  152  12:42  Hellion x4  
  146  12:44  Liberator x2  
  146  12:49  Planetary Fortress  
  143  12:51  Thor  
  143  12:53  Missile Turret x2  
  143  12:54  Missile Turret  
  143  12:57  Command Center  
  149  13:00  Missile Turret  
  155  13:11  Thor  
  145  13:27  Liberator  
  145  13:30  Missile Turret  
  145  13:33  Thor x2, Missile Turret x2  
  159  13:34  Hellbat x2, Missile Turret  
  159  13:35  Liberator, Hellbat, SCV x3  
  162  13:47  SCV x3  
  162  13:48  Terran Ship Weapons Level 1, Terran Vehicle And Ship Armor Level 3  
  168  13:54  Hellbat  
  173  13:59  SCV  
  174  14:05  Supply Depot  
  174  14:06  Command Center  
  174  14:11  Hellbat  
  174  14:12  Hellbat x2  
  174  14:13  Command Center  
  174  14:15  Command Center  
  180  14:30  Supply Depot  
  171  14:58  Siege Tank x2  
  171  14:59  Hellbat x2  
  183  15:00  Hellbat  
  174  15:30  Liberator x2  
  172  15:46  Siege Tank x3  
  185  15:56  Hellbat x2  
  185  15:57  Hellbat  
  180  16:18  Hellbat, SCV  
  183  16:20  SCV x2  
Tags
 
Add a new tag
Caveats
  • Supply blocks, unpowered buildings, or Contaminate may cause inaccurate times.
  • Supply counts are checked every 10 seconds.